 Dungeon Crawl Stone Soup version 0.30-a0-953-g5f1da4a474 (webtiles) character file.

Game seed: 4475156786895190249

1486 PimpSugar the Magician (level 8, -1/57 HPs)
             Began as a Demonspawn Hedge Wizard on Mar 28, 2023.
             Killed themself with a badly aimed iceblast (4 damage)
             ... on level 6 of the Dungeon.
             The game lasted 00:26:59 (6545 turns).

PimpSugar the Magician (Demonspawn Hedge Wizard)    Turns: 6545, Time: 00:27:00

Health: -1/57      AC:  5    Str: 11    XL:     8   Next: 50%
Magic:  12/15      EV: 33    Int: 20    God:
Gold:   260        SH:  0    Dex: 13    Spells: 4/17 levels left

rFire   x . .      SeeInvis .    D - +8 short sword of the Destroying Enemy {venom, rElec rF- Int+3}
rCold   . . .      Faith    .    (no shield)
rNeg    + . .      Spirit   .    b - +0 robe
rPois   .          Reflect  .    c - +0 hat
rElec   +          Rampage  .    (no cloak)
rCorr   .                        j - +0 pair of gloves
Will    .....                    (no boots)
Stlth   ++                       m - amulet of the acrobat
HPRegen 0.29/turn                y - ring of positive energy
MPRegen 0.14/turn                (no ring)

@: agile, swift, acrobatic, quick
A: yellow scales 1, powered by death 1, powered by pain 1
a: no special abilities


You were on level 6 of the Dungeon.
You visited 1 branch of the dungeon, and saw 6 of its levels.

You collected 260 gold pieces.

Inventory:

Hand Weapons
 a - a +0 dagger of protection
 k - a +0 sling
 w - a +0 dagger of electrocution
 D - the +8 short sword of the Destroying Enemy (weapon) {venom, rElec rF- Int+3}
   (You found it on level 6 of the Dungeon)

   Int:       It affects your intelligence (+3).
   rF:        It makes you vulnerable to fire.
   rElec:     It insulates you from electricity.
Missiles
 f - 52 stones
 l - 10 poisoned darts (quivered)
 v - 2 atropa-tipped darts
 z - 6 curare-tipped darts
Armour
 b - a +0 robe (worn)
 c - a +0 hat (worn)
 j - a +0 pair of gloves (worn)
 x - a +0 buckler
Jewellery
 m - an amulet of the acrobat (around neck)
 y - a ring of positive energy (left hand)
 G - a ring of resist corrosion
Wands
 p - a wand of charming (2)
 C - a wand of iceblast (12)
Scrolls
 A - a scroll of fear {unknown}
 B - a scroll of acquirement {unknown}
 E - 2 scrolls of teleportation
Potions
 d - 2 potions of magic
 e - 2 potions of mutation
 h - a potion of berserk rage
 n - a potion of cancellation {unknown}
 o - a potion of brilliance {unknown}
 q - a potion of ambrosia {unknown}
 r - 3 potions of attraction {unknown}
 s - 2 potions of resistance {unknown}
 t - 2 potions of haste {unknown}
 u - a potion of degeneration {unknown}
 F - a potion of might {unknown}


   Skills:
 + Level 2.9 Fighting
 + Level 3.2 Dodging
 + Level 3.7 Stealth
 * Level 5.1 Spellcasting
 * Level 4.2 Conjurations
 + Level 2.5 Hexes
 + Level 3.0 Summonings
 + Level 2.8 Translocations
 + Level 2.0 Air Magic
 + Level 2.4 Evocations


You had 4 spell levels left.
You knew the following spells:

 Your Spells              Type           Power      Damage    Failure   Level
a - Magic Dart            Conj           88%        1d7       1%          1
b - Call Imp              Summ           17%        N/A       4%          2
c - Shock                 Conj/Air       68%        1d7       3%          1
d - Slow                  Hex            60%        N/A       4%          1
e - Blink                 Tloc           32%        N/A       5%          2
f - Swiftness             Air            13%        N/A       16%         3
g - Gell's Gravitas       Tloc           16%        N/A       11%         3

Your spell library contained the following spells:

 Spells                   Type           Power      Damage    Failure   Level
 Apportation              Tloc           32%        N/A       3%          1
 Summon Small Mammal      Summ           68%        N/A       3%          1
 Lesser Beckoning         Tloc           32%        N/A       5%          2
 Summon Guardian Golem    Hex/Summ       16%        N/A       11%         3
 Teleport Other           Tloc           16%        N/A       11%         3
 Necrotise                Necr           20%        1d5       12%         1
 Poisonous Vapours        Pois/Air       18%        N/A       12%         2
 Cigotuvi's Dreadful Rot  Necr/Pois/Air  14%        N/A       13%         2
 Mephitic Cloud           Conj/Pois/Air  13%        N/A       14%         3
 Airstrike                Air            6%         2d(1-17)  45%         4
 Dispel Undead            Necr           5%         3d7       75%         4
 Death Channel            Necr           2%         N/A       100%        6
 Orb of Destruction       Conj           11%        9d6       100%        7
 Spellforged Servitor     Conj/Summ      9%         N/A       100%        7


Dungeon Overview and Level Annotations

Branches:
Dungeon (6/15)
 Temple: D:4-7

Altars:
Ashenzari
Dithmenos
Kikubaaqudgha
Okawaru
Wu Jian

Shops:
D:2 (   D:6 :

Annotations:
D:3 3 runed translucent doors, Jackthecabe's ghost, amateur DrWr
D:6 Duvessa


Innate Abilities, Weirdness & Mutations

You are partially covered in yellow scales. (AC +2)
You regenerate a little health from kills.
You sometimes gain a little power by taking damage.


Message History

You hit Dowan.
Dowan looks as sick as possible!
Dowan is moderately wounded.
Something hits you!
* * * LOW HITPOINT WARNING * * *
Dowan completely misses you.
You feel much better. Something hits you!
Dowan points at you and mumbles some strange words.
The puff of frost misses you.
You hit Dowan.
Dowan looks as sick as possible!
Your punch misses Dowan.
Dowan is severely wounded.
Something hits you. Dowan barely misses you.
You hit Dowan.
You kill Dowan!
Something screams in a voice full of rage, "No, no!"
Something hits you!
* * * LOW HITPOINT WARNING * * *
Your Summonings skill increases to level 3!
Your Air Magic skill increases to level 2!
You hit something but do no damage. Something completely misses you.
Something closely misses you.
You miss something. Something hits you.
* * * LOW HITPOINT WARNING * * *
Something hits you!
* * * LOW HITPOINT WARNING * * *
You feel better. Something hits you.
* * * LOW HITPOINT WARNING * * *
Something closely misses you.
Casting: Call Imp (safe; 4% risk of failure)
Confirm with . or Enter, or press ? or * to list all spells.
You feel quick. Something hits you!
* * * LOW HITPOINT WARNING * * *
Something closely misses you.
You hear a shout!
Something closely misses you.
You hear a shout!
Aiming: Iceblast
Press: ? - help, Shift-Dir - straight line The mass of ice explodes!
The iceblast engulfs something!
The iceblast engulfs you.
You die...

#.#...#..# #.###.######
##..∩..#.# ###.##..###...
#.#...#..# ##......##...##
#..#.#...######..........###
#..)#.............########
##.##.....#####...#
#....###.##.....##
#...####..#.#).##
...<....#>.@#.########
#######...............
#####.#..###### ##.......###
#...####...###### ###.#.#
###......### #.).#.#
######.... ###.....# ####.
#.)..#### #.


There were no monsters in sight!

Vanquished Creatures
  Maggie (D:6)
  2 wyverns (D:6)
  2 scorpions
  Dowan (D:6)
  A hound (D:6)
  2 jellies
  A gnoll bouda (D:4)
  A sleepcap (D:6)
  3 iguanas
  An orc wizard (D:4)
  6 gnolls
  2 adders
  3 ufetubi
  A worm (D:2)
  3 orcs
  7 endoplasms
  4 giant cockroaches
  4 goblins
  2 hobgoblins
  5 quokkas
  7 ball pythons
  5 bats
  2 frilled lizards
  7 kobolds
  7 rats
80 creatures vanquished.

Vanquished Creatures (collateral kills)
  A black bear (D:5)
  An ogre (D:5)
  Blork the orc (D:5)
  A scorpion (D:3)
  An orc wizard (D:4)
  2 gnolls (D:5)
  3 adders
  3 worms
  2 orcs
  A bat (D:2)
  2 hobgoblins (D:3)
  2 quokkas (D:3)
  3 kobolds
23 creatures vanquished.

Vanquished Creatures (others)
  4 plants
4 creatures vanquished.

Grand Total: 107 creatures vanquished

Notes
Turn   | Place    | Note
-------+----------+-------------------------------------------
     0 | D:1      | PimpSugar the Demonspawn Hedge Wizard began the quest for
                  | the Orb.
     0 | D:1      | Reached XP level 1. HP: 13/13 MP: 4/4
   101 | D:1      | Reached skill level 1 in Translocations
   301 | D:1      | Gained mutation: You regenerate a little health from kills.
                  | [demonic ancestry]
   301 | D:1      | Reached XP level 2. HP: 18/20 MP: 0/6
   711 | D:1      | Learned a level 2 spell: Call Imp
   713 | D:1      | Learned a level 1 spell: Slow
   716 | D:1      | Learned a level 2 spell: Blink
   892 | D:1      | Found a faded altar of an unknown god.
  1574 | D:2      | Gained mutation: You sometimes gain a little power by
                  | taking damage. [demonic ancestry]
  1574 | D:2      | Reached XP level 3. HP: 23/25 MP: 7/7
  1658 | D:2      | Found Eseoc's Weapon Emporium.
  2499 | D:3      | Noticed a scorpion
  2529 | D:3      | Killed a scorpion
  2530 | D:3      | Reached skill level 1 in Fighting
  2530 | D:3      | Reached XP level 4. HP: 31/32 MP: 3/9
  2626 | D:3      | Found a runed translucent gate.
  2626 | D:3      | Found a runed translucent gate.
  2629 | D:3      | Found a runed translucent gate.
  2637 | D:3      | Noticed Jackthecabe's ghost (amateur DrWr)
  3180 | D:3      | Gained mutation: You are partially covered in yellow
                  | scales. (AC +2) [demonic ancestry]
  3180 | D:3      | Reached XP level 5. HP: 15/37 MP: 2/10
  3694 | D:4      | Reached skill level 1 in Hexes
  3753 | D:4      | Learned a level 1 spell: Shock
  3933 | D:4      | Found an ornate altar of the Wu Jian Council.
  4150 | D:4      | Reached XP level 6. HP: 42/43 MP: 5/11
  4197 | D:4      | Reached skill level 4 in Spellcasting
  4660 | D:4      | Found a shadowy altar of Dithmenos.
  4672 | D:4      | Reached skill level 1 in Evocations
  5016 | D:5      | Entered Level 5 of the Dungeon
  5133 | D:5      | Learned a level 3 spell: Swiftness
  5258 | D:5      | Reached XP level 7. HP: 50/50 MP: 11/13
  5375 | D:5      | Found a broken altar of Ashenzari.
  5379 | D:5      | Found an ancient bone altar of Kikubaaqudgha.
  5380 | D:5      | Found an iron altar of Okawaru.
  5409 | D:5      | Learned a level 3 spell: Gell's Gravitas
  5437 | D:5      | Noticed Blork the orc
  5466 | D:5      | Killed Blork the orc
  6050 | D:6      | Noticed a wyvern
  6063 | D:6      | Killed a wyvern
  6064 | D:6      | Reached skill level 1 in Air Magic
  6193 | D:6      | Identified the +8 short sword of the Destroying Enemy
                  | {venom, rElec rF- Int+3}
  6222 | D:6      | Noticed a wyvern
  6235 | D:6      | Killed a wyvern
  6236 | D:6      | Reached XP level 8. HP: 31/57 MP: 15/15
  6361 | D:6      | Found Icut's Book Shoppe.
  6511 | D:6      | Noticed Duvessa
  6516 | D:6      | Noticed Maggie
  6522 | D:6      | Noticed Dowan
  6526 | D:6      | Killed Maggie
  6527 | D:6      | Reached skill level 5 in Spellcasting
  6534 | D:6      | Killed Dowan
  6540 | D:6      | HP: 2/57 [something (14)]
  6545 | D:6      | Killed themself with a badly aimed iceblast

Illustrated notes

Levels and vault maps discovered:
D:1:      minmay_arrival_plants_in_alcoves, layout_basic,
          dilly_ecumenical_altar_fadedgnrine, due_unseen_surprise
D:2:      layout_loops_ring, serial_shops, nicolae_square_shop
D:3:      kennysheep_six_static_rooms, layout_loops_cross,
          ebering_ghost_rock_garden, chequers_hall_statues_wall_a
D:4:      layout_basic, mainiacjoe_overflow_six_doors_small,
          nicolae_dithmenos_through_a_glass_darkly, kennysheep_minor_cross
D:5:      layout_gridville, gammafunk_temple_overflow_forgotten,
          hangedman_decor_lopped, uniq_blork_the_orc
D:6:      layout_rooms, serial_shops, nicolae_diamond_shop, uniq_duvessa,
          uniq_maggie

Skill      XL: |  1  2  3  4  5  6  7  8 |
---------------+-------------------------+-----
Translocations | 1 2 |  2.8
Dodging        | 2 3 |  3.2
Stealth        | 2 3 |  3.7
Fighting       | 1 2 |  2.9
Conjurations   | 2 3 4 |  4.2
Hexes          | 1 2 |  2.5
Spellcasting   | 4 5 |  5.1
Summonings     | 2 3 |  3.0
Evocations     | 1 2 |  2.4
Air Magic      | 1 2 |  2.0

Action                     |  1- 3 |  4- 6 |  7- 9 || total
---------------------------+-------+-------+-------++-------
  Melee: Dagger            |   112 |   213 |    56 ||   381
         Punch             |       |     4 |     1 ||     5
         Short sword       |       |       |    37 ||    37
  Throw: Dart              |       |     8 |       ||     8
   Cast: Magic Dart        |    41 |    32 |    12 ||    85
         Call Imp          |     9 |    19 |     5 ||    33
         Slow              |     9 |    17 |    10 ||    36
         Shock             |       |    15 |       ||    15
         Gell's Gravitas   |       |       |     4 ||     4
         Swiftness         |       |       |     2 ||     2
  Evoke: Wand              |       |       |     1 ||     1
    Use: Scroll            |     4 |     8 |       ||    12
         Potion            |       |     6 |     8 ||    14
   Stab: Sleeping          |     1 |     1 |       ||     2
 Armour: Robe              |    37 |   136 |    26 ||   199
  Dodge: Dodged            |    63 |   184 |   102 ||   349

Table legend: (Time is in decaauts)
 A = Elapsed time spent in this place.
 B = Non-inter-level travel time spent in this place.
 C = Inter-level travel time spent in this place.
 D = Time resting spent in this place.
 E = Time spent auto-exploring this place.
 F = Levels seen in this place.
 G = Mean time per level.
                   A        B        C        D        E       F      G
               +--------+--------+--------+--------+--------+-----+--------+
         Total |   6551 |   6212 |    339 |    436 |   3807 |   6 | 1091.8 |
       Dungeon |   6551 |   6212 |    339 |    436 |   3807 |   6 | 1091.8 |
               +--------+--------+--------+--------+--------+-----+--------+

Top non-repeatable levels by time:
     D:4: 1392 daAuts
     D:2: 1228 daAuts
     D:1: 1219 daAuts
     D:3: 1184 daAuts
     D:5: 993 daAuts
     D:6: 534 daAuts
